 Dungeon Crawl Stone Soup version 0.27-a0-1144-g0b7d3b79db (webtiles) character file.

Game seed: 2150727905960356354

312 leviel the Skirmisher (level 6, 0/54 (56) HPs)
             Began as a Minotaur Fighter on May 10, 2021.
             Killed by divine providence
             ... invoked by an orc priest
              (16 damage)
             ... on level 4 of the Dungeon.
             The game lasted 00:03:16 (2353 turns).

leviel the Skirmisher (Minotaur Fighter)            Turns: 2353, Time: 00:03:17

HP:   0/54 (56)     AC:  7    Str: 23    XL:     6   Next: 18%
MP:   5/5           EV:  8    Int:  5    God:
Gold: 102           SH: 10    Dex:  9    Spells: 5/5 levels left

rFire    . . .     SeeInvis .   a - +0 war axe
rCold    . . .     Faith    .   c - +0 kite shield
rNeg     . . .     Spirit   .   b - +0 scale mail
rPois    .         Reflect  .   (helmet restricted)
rElec    .         Harm     .   (no cloak)
rCorr    .         Rampage  .   (no gloves)
Will     .....                  (no boots)
Stlth    ..........             j - amulet of regeneration
HPRegen  1.18/turn              (no ring)
MPRegen  0.09/turn              (no ring)

@: lightly drained
A: horns 2, retaliatory headbutt
a: no special abilities


You were on level 4 of the Dungeon.
You visited 1 branch of the dungeon, and saw 4 of its levels.

You collected 130 gold pieces.
You spent 28 gold pieces at shops.

Inventory:

Hand Weapons
 a - a +0 war axe (weapon)
Missiles
 m - 4 atropa-tipped darts (quivered)
Armour
 b - a +0 scale mail (worn)
 c - a +0 kite shield (worn)
Jewellery
 j - an amulet of regeneration (around neck)
 q - a ring of positive energy
 r - a ring of protection from fire
Wands
 p - a wand of flame (17)
Scrolls
 f - a scroll of summoning {unknown}
 g - a scroll of enchant weapon {unknown}
 h - a scroll of amnesia {unknown}
 i - 5 scrolls of identify {@r1}
 l - a scroll of fear {unknown}
 n - a scroll of fog {unknown}
 o - 3 scrolls of teleportation {unknown}
Potions
 d - 3 potions of might
 e - 3 potions of heal wounds {unknown}
 k - a potion of curing {unknown}


   Skills:
 + Level 5.0 Fighting
 + Level 5.0 Axes
 + Level 4.9 Armour
 + Level 1.2 Dodging
 + Level 4.9 Shields


You had 5 spell levels left.
You didn't know any spells.
Your spell library contained the following spells:

 Spells                   Type           Power      Damage    Failure   Level
 Magic Dart               Conj           0%         1d3       99%         1
 Searing Ray              Conj           0%         3d3       100%        2
 Dazzling Flash           Conj/Hex       0%         N/A       100%        3
 Fulminant Prism          Conj/Hex       0%         3d6       100%        4
 Iskenderun's Mystic Bla  Conj/Tloc      0%         2d3       100%        4


Dungeon Overview and Level Annotations

Branches:
Dungeon (4/15)
 Temple: D:4-7

Altars:
The Shining One

Shops:
D:1 ?


Innate Abilities, Weirdness & Mutations

You have a pair of horns on your head.
You reflexively headbutt those who attack you in melee.


Message History

You block the orc priest's attack.
The orc priest mumbles some strange prayers to Beogh against you.
You barely resist.
No target in view!
The orc priest shouts!
You hit the orc priest.
The orc priest is lightly wounded.
A magic dart appears from out of thin air!
The magic dart hits you!
The orc priest mumbles some strange prayers to Beogh against you.
You block the orc priest's attack.
You hit the orc priest. Your headbutt misses the orc priest.
The orc priest is moderately wounded.
The orc priest calls upon Beogh to heal the orc priest.
The orc priest invokes the aid of Beogh against you.
Pain shoots through your body! Something hits you but does no damage.
The orc priest invokes the aid of Beogh against you.
You barely resist. You closely miss the orc priest.
The orc priest is moderately wounded.
You miss something.
The orc priest invokes the aid of Beogh against you.
Beogh smites you! Something hits you.
The orc priest hits you from afar with a +0 trident.
* * * LOW HITPOINT WARNING * * *
You block the orc priest's attack.
The orc priest calls upon Beogh to heal the orc priest.
A magic dart appears from out of thin air!
The magic dart hits you but does no damage.
The orc priest hits you from afar with a +0 trident.
* * * LOW HITPOINT WARNING * * *
The orc priest hits you but does no damage.
You feel drained.
The orc priest looks satisfied for a moment.
The orc priest hits you but does no damage.
You feel drained.
Found an escape hatch in the floor.
The orc priest calls down the wrath of Beogh upon you.
Beogh smites you!
You die...

...... .... ......
......# ......
#........#
....##..........
......#........ #
#...##........ #..##.###
##.........[..
.>.....@###o............
....#......o##......).[.
# #....o..##..##.†....
##?..####)......#(.[
.......# #..##.####..
.........##.##..# #..
#.#...........#..# ##.
#............##..####..
......|......#...#.##.


You could see 2 orc priests.

Vanquished Creatures
  A scorpion (D:4)
  A hound (D:4)
  Ijyb (D:3)
  An iguana (D:4)
  A hound skeleton (D:4)
  4 adders (D:2)
  4 gnolls
  An ufetubus (D:3)
  2 worms (D:2)
  A dart slug (D:1)
  5 orcs
  2 ball pythons
  5 endoplasms
  6 giant cockroaches
  4 goblins
  3 hobgoblins
  5 jackals
  2 quokkas
  5 bats
  4 frilled lizards
  11 kobolds
  4 rats
73 creatures vanquished.

Notes
Turn   | Place    | Note
-------+----------+-------------------------------------------
     0 | D:1      | leviel the Minotaur Fighter began the quest for the Orb.
     0 | D:1      | Reached XP level 1. HP: 19/19 MP: 0/0
   112 | D:1      | Reached XP level 2. HP: 27/27 MP: 1/1
   504 | D:1      | Reached XP level 3. HP: 29/33 MP: 2/2
   752 | D:1      | Found Seihagi's Magic Scroll Emporium.
   761 | D:1      | Bought a scroll of identify for 28 gold pieces
  1020 | D:2      | Found a glowing golden altar of the Shining One.
  1115 | D:2      | Reached XP level 4. HP: 41/41 MP: 3/3
  1572 | D:3      | Noticed Ijyb
  1588 | D:3      | Killed Ijyb
  1938 | D:3      | Reached XP level 5. HP: 47/47 MP: 4/4
  2255 | D:4      | Reached skill level 1 in Dodging
  2255 | D:4      | Reached XP level 6. HP: 36/55 MP: 5/5
  2323 | D:4      | Reached skill level 5 in Fighting
  2323 | D:4      | Reached skill level 5 in Axes
  2353 | D:4      | Killed from afar by an orc priest

Illustrated notes

Levels and vault maps discovered:
D:1:      psy_arrival_basics, layout_loops_ring, serial_shops,
          nicolae_shop_stone
D:2:      layout_rooms, basic_altar
D:3:      layout_loops_corners, kennysheep_generic_room_14, uniq_ijyb
D:4:      minmay_chambers_of_fours, layout_cave_pools,
          gammafunk_temple_overflow_pools

Skill      XL: |  1  2  3  4  5  6 |
---------------+-------------------+-----
Fighting       | 4 5 |  5.0
Shields        | 4 |  4.9
Axes           | 3 4 5 |  5.0
Armour         | 4 |  4.9
Dodging        | 1 |  1.2

Action                   |  1- 3 |  4- 6 || total
-------------------------+-------+-------++-------
Melee: War axe           |    66 |   102 ||   168
       Headbutt          |    11 |    18 ||    29
Armor: Scale mail        |    29 |    41 ||    70
Dodge: Dodged            |    14 |    39 ||    53
Block: Kite shield       |    38 |    77 ||   115

Table legend: (Time is in decaauts)
 A = Elapsed time spent in this place.
 B = Non-inter-level travel time spent in this place.
 C = Inter-level travel time spent in this place.
 D = Time resting spent in this place.
 E = Time spent auto-exploring this place.
 F = Levels seen in this place.
 G = Mean time per level.
                   A        B        C        D        E       F      G
               +--------+--------+--------+--------+--------+-----+--------+
         Total |   2443 |   2374 |     69 |      5 |   1860 |   4 |  610.8 |
       Dungeon |   2443 |   2374 |     69 |      5 |   1860 |   4 |  610.8 |
               +--------+--------+--------+--------+--------+-----+--------+

Top non-repeatable levels by time:
     D:1: 916 daAuts
     D:3: 823 daAuts
     D:2: 419 daAuts
     D:4: 284 daAuts
